 Dungeon Crawl Stone Soup version 0.31.0-11-ge490571c62 (webtiles) character file.

Game seed: 3657574032532436833

58 shadowrider38 the Sneak (level 3, -12/16 HPs)
             Began as a Spriggan Enchanter on Feb 1, 2024.
             Killed from afar by an acid dragon (25 damage)
             ... with a splash of acid
             ... on level 9 of the Dungeon.
             The game lasted 00:04:18 (661 turns).

shadowrider38 the Sneak (Spriggan Enchanter)         Turns: 661, Time: 00:04:18

Health: -12/16     AC:  4    Str:  4    XL:     3   Next: 76%
Magic:  4/8        EV: 17    Int: 18    God:
Gold:   60         SH:  0    Dex: 15    Spells: 2/7 levels left

rFire   . . .        a - +1 dagger
rCold   . . .        (no shield)
rNeg    . . .        b - +0 robe
rPois   .            (helmet restricted)
rElec   .            d - +1 cloak
rCorr   .            (gloves unavailable)
SInv    +            (boots unavailable)
Will    .....        (no amulet)
Stlth   +++          (no ring)
HPRegen 0.22/turn    (no ring)
MPRegen 0.11/turn

%: no passive effects
@: invisible, very quick
A: very small, no large weapons, unfitting armour, see invisible, speed 3
a: no special abilities


You were on level 9 of the Dungeon.
You visited 1 branch of the dungeon, and saw 7 of its levels.

You collected 60 gold pieces.

Inventory:

Hand Weapons
 a - a +1 dagger (weapon)
Missiles
 k - 4 poisoned darts
Armour
 b - a +0 robe (worn)
 d - a +1 cloak (worn)
Scrolls
 e - a scroll of teleportation {unknown}
 f - a scroll of identify {unknown}
 g - a scroll of revelation {unknown}
Potions
 h - a potion of might {unknown}


   Skills:
 - Level 1.1 Short Blades
 - Level 2.6 Dodging
 + Level 6.7 Stealth
 - Level 2.6 Spellcasting
 + Level 4.3 Hexes


You had 2 spell levels left.
You knew the following spells:

 Your Spells              Type           Power      Damage    Failure   Level
a - Ensorcelled Hibernat  Hex/Ice        20%        N/A       11%         2
t - Tukima's Dance        Hex            17%        N/A       9%          3

Your spell library contained the following spells:

 Spells                   Type           Power      Damage    Failure   Level
 Confusing Touch          Hex            17%        N/A       9%          3
 Dazzling Flash           Conj/Hex       20%        N/A       22%         3


Dungeon Overview and Level Annotations

Branches:
Dungeon (9/15) Zot: 26973
 Temple: D:4-7         Lair: D:8-11         Orc: D:9-12

Altars:

Annotations:
D:1 exclusions: ball python and 2 endoplasms
D:2 exclusion: upstairs
D:3 exclusion: upstairs
D:6 exclusion: downstairs
D:7 exclusion: door
D:9 Joseph


Innate Abilities, Weirdness & Mutations

You are very small and have problems with some larger weapons.
You are too small for most types of armour.
You have supernaturally acute eyesight. (SInv)
You cover ground extremely quickly. (Speed+++)


Message History

There is a stone staircase leading down here.
You climb downwards.
Found 15 gold pieces.
There is a stone staircase leading up here.
You now have 60 gold pieces (gained 15).
There is a stone staircase leading up here.
Found 9 stones.
An acid dragon comes into view.
Unknown command.
Unknown command.
Unknown command.
Joseph, a Mercenary comes into view.
He is wielding a +0 quarterstaff and wearing a +0 leather armour of fire resistance.
Press: ? - help, v - describe, . - travel
Here: Joseph, wielding a +0 quarterstaff and wearing a +0 leather armour of fire resistance (asleep)
The floor.
Unknown command.
The acid dragon roars!
Joseph shouts!
Unknown command.
Unknown command.
Unknown command.
Found 5 boomerangs.
Aiming: Ensorcelled Hibernation (safe; 11% risk of failure)
Press: ? - help, Q - select action, (/) - cycle Shift-Dir - straight line, f - acid dragon
Aim: an acid dragon (chance to affect: 44%)
Okay, then.
You fade into invisibility!
Unknown command.
Aiming: Ensorcelled Hibernation (safe; 11% risk of failure)
Press: ? - help, Q - select action, (/) - cycle Shift-Dir - straight line, f - acid dragon
Aim: an acid dragon (unable to see you, chance to affect: 44%)
Okay, then.
Unknown command.
Aiming: Ensorcelled Hibernation (safe; 11% risk of failure)
Press: ? - help, Q - select action, (/) - cycle Shift-Dir - straight line, f - acid dragon
Aim: an acid dragon (unable to see you, chance to affect: 44%)
The acid dragon resists with some effort.
Aiming: Ensorcelled Hibernation (safe; 11% risk of failure)
Press: ? - help, Q - select action, (/) - cycle Shift-Dir - straight line, f/p - acid dragon
Aim: an acid dragon (unable to see you, chance to affect: 44%)
The acid dragon looks drowsy...
The helpless acid dragon fails to defend itself.
You impale the acid dragon!!
The acid dragon is almost dead.
The acid dragon completely misses you. The acid dragon claws you.
You hit the acid dragon but do no damage.
The acid dragon is almost dead.
The acid dragon spits acid at you. The splash of acid hits you!!
Ouch! That really hurt!
You die...

#########################
....................(....
.........................
.......#@....#########...
.......#D....# #..#
.......#.....# #...
..(....#.....#########...
.......................##
......................<#
.....@.................#
.....................#
...###################


You could see an acid dragon (unable to see you, catching breath).

Vanquished Creatures
  A bullfrog (D:6)
1 creature vanquished.

Notes
Turn   | Place    | Note
-------+----------+-------------------------------------------
     0 | D:1      | shadowrider38 the Spriggan Enchanter began the quest for
                  | the Orb.
     0 | D:1      | Reached XP level 1. HP: 9/9 MP: 5/5
   151 | D:3      | You fall into a shaft and drop 3 floors!
   271 | D:7      | Noticed an iguana
   297 | D:6      | Noticed a hound
   400 | D:6      | Noticed a bullfrog
   408 | D:6      | shadowrider38: @?bullfrog
   408 | D:6      | beem: bullfrog (F)
                  | Spd: 15 (swim: 60%)
                  | HD:
     4 | HP:      | 19-26
                  | AC/EV: 0/12
                  | Dam: 9
                  | amphibious, cold-blooded
                  | | Res: will(20), drown
                  | Corpse
                  | XP:
    90 | Sz: Medium | Int:
                  | animal.
   408 | D:6      | shadowrider38: @?hound
   408 | D:6      | beem: hound (h)
                  | Spd:
    15 | HD: 3    | HP: 14-19
                  | AC/EV: 2/13
                  | | Dam: 6
                  | see invisible
                  | Res: will(10), blind
                  | Corpse
                  | | XP:
    42 | Sz: small | Int: animal.
   411 | D:6      | Killed a bullfrog
   412 | D:6      | Reached skill level 6 in Stealth
   412 | D:6      | Reached XP level 2. HP: 6/13 MP: 6/6
   412 | D:6      | Reached XP level 3. HP: 8/16 MP: 8/8
   452 | D:7      | Learned a level 2 spell: Ensorcelled Hibernation
   456 | D:7      | Learned a level 3 spell: Tukima's Dance
   486 | D:7      | shadowrider38: @?iguana
   486 | D:7      | beem: iguana (l)
                  | Spd:
    10 | HD: 3    | HP: 14-19
                  | AC/EV: 5/9
                  | | Dam: 15
                  | cold-blooded
                  | Res: will(10)
                  | Corpse
                  | XP: 36
                  | | Sz: small
                  | Int: animal.
   519 | D:7      | Identified the +3 ring mail of the Meadowlark {rF++ Int+3
                  | Dex-5}
   546 | D:8      | Noticed a centaur
   547 | D:8      | shadowrider38: @?centaur
   547 | D:8      | beem: centaur (c)
                  | Spd:
    15 | HD: 4    | HP: 19-26
                  | AC/EV:
                  | 3/7
                  | Dam: 7, 3
                  | weapons, items, doors, archer
                  | Res:
                  | will(20)
                  | Corpse
                  | XP:
   112 | Sz: Large | Int: human.
   647 | D:9      | Noticed an acid dragon
   648 | D:9      | shadowrider38: @?acid dragon
   648 | D:9      | beem: acid dragon (D)
                  | Spd:
    10 | HD: 5    | HP: 23-32
                  | | AC/EV: 5/10
                  | Dam: 15, 6
                  | fly
                  | Res: will(20), poison,
                  | acid
                  | Corpse
                  | XP: 155
                  | Sp: spit acid (3d14) [!AM, !sil,
                  | breath]
                  | Sz: Large
                  | Int: animal.
   648 | D:9      | Noticed Joseph
   661 | D:9      | Killed from afar by an acid dragon

Illustrated notes

Levels and vault maps discovered:
D:1:      wander_arrival_estate, layout_rooms, basic_ecumenical_altar
D:2:      layout_loops_cross
D:3:      layout_basic, mainiacjoe_overflow_boulevard, kennysheep_flooded_box,
          minmay_pentangle
D:6:      cheibrodos_thug_alley, layout_basic,
          mainiacjoe_overflow_small_starburst
D:7:      layout_loops_ring, lemuel_crystal_altar, okawaru_altar_gauntlet_db,
          jmf_multi_god_temple2, minmay_temple_entry_statues_pillars,
          uniq_maurice
D:8:      layout_loops_ring, mainiacjoe_overflow_alcove_1, eino_tiny_chamber
D:9:      layout_stronghold, lair_entry_dummy, uniq_gastronok, uniq_joseph

Skill      XL: |  1 |
---------------+----+-----
Stealth        | 6 |  6.7
Hexes          | 4 |  4.3
Short Blades   | |  1.1
Dodging        | |  2.6
Spellcasting   | |  2.6

Action                     || total
---------------------------++-------
  Melee: Dagger            ||     5
   Cast: Tukima's Dance    ||     2
         Ensorcelled Hiber ||     2
    Use: Potion            ||     2
   Stab: Sleeping          ||     2
 Armour: Robe              ||     6
  Dodge: Dodged            ||    12
